 Dungeon Crawl Stone Soup version 0.29.1-1-gd02db6906a (webtiles) character file.

Game seed: 5703390227003157260

33 oldmanjim the Ogre Mage (level 3, 0/49 HPs)
             Began as an Ogre Transmuter on Sept 30, 2022.
             Succumbed to an adder's poison
             ... on level 2 of the Dungeon.
             The game lasted 00:04:37 (1158 turns).

oldmanjim the Ogre Mage (Ogre Transmuter)           Turns: 1158, Time: 00:04:37

Health: 0/49       AC: 21    Str: 14    XL:     3   Next: 29%
Magic:  6/7        EV:  1    Int: 16    God:
Gold:   37         SH:  0    Dex:  9    Spells: 7/8 levels left

rFire   . . .      SeeInvis .     - Unarmed
rCold   . . .      Faith    .   (no shield)
rNeg    . . .      Spirit   .   (body armour currently unavailable)
rPois   +          Reflect  .   (helmet currently unavailable)
rElec   .          Harm     .   (cloak currently unavailable)
rCorr   .          Rampage  .   (gloves unavailable)
Will    .....      NoTele   +   (boots unavailable)
Stlth   +.........              (no amulet)
HPRegen 0.16/turn               (no ring)
MPRegen 0.10/turn               (no ring)

@: lethally poisoned (0 -> -3), tree-form
A: stationary, stasis, torment immunity, boosted hp, large, unfitting armour,
(tough skin 1)
a: no special abilities


You were on level 2 of the Dungeon.
You were a tree.
You visited 1 branch of the dungeon, and saw 2 of its levels.

You collected 37 gold pieces.

Inventory:

Missiles
 c - 17 stones
 e - 3 poisoned darts
 i - 4 boomerangs
Armour
 a - a +0 robe (melded)
Scrolls
 d - a scroll of poison {unknown}
 f - a scroll of blinking {unknown}
 g - a scroll of immolation {unknown}
 h - a scroll of teleportation {unknown}


   Skills:
 - Level 1.3 Fighting
 - Level 1.7 Dodging
 - Level 2.6 Unarmed Combat
 - Level 3.0 Spellcasting
 + Level 3.0 Transmutations


You had 7 spell levels left.
You knew the following spells:

 Your Spells              Type           Power      Damage    Failure   Level
a - Beastly Appendage     Tmut           24%        N/A       5%          1

Your spell library contained the following spells:

 Spells                   Type           Power      Damage    Failure   Level
 Wereblood                Tmut           12%        N/A       9%          2
 Spider Form              Tmut/Pois      7%         N/A       30%         3
 Ice Form                 Ice/Tmut       7%         N/A       69%         4
 Animate Dead             Necr           2%         N/A       88%         4
 Borgnjor's Vile Clutch   Necr/Erth      1%         N/A       99%         5
 Death Channel            Necr           1%         N/A       100%        6


Dungeon Overview and Level Annotations

Branches:
Dungeon (2/15)

Altars:


Innate Abilities, Weirdness & Mutations

You are a tree.
Your roots penetrate the ground, keeping you stationary.
You cannot be teleported.
You are immune to unholy pain and torment.
Your maximum health is greatly increased.
Your equipment is partially melded.
You are too large for most types of armour.
((You have tough skin. (AC +1)))


Message History

Casting: Beastly Appendage (safe; 6% risk of failure)
Confirm with . or Enter, or press ? or * to list all spells.
You grow a pair of large bovine horns.
Your feet morph into talons.
You feel sick. The adder bites you. The rat bites you.
You feel sick. The adder bites you.
* * * LOW HITPOINT WARNING * * *
You are more poisoned.
The adder poisons you! The rat barely misses you.
The adder completely misses you.
You hit the adder. You claw the adder.
The adder is severely wounded.
You feel sick. The adder bites you.
* * * LOW HITPOINT WARNING * * *
You are lethally poisoned!
The adder poisons you! The rat barely misses you.
You miss the adder.
The adder is severely wounded.
* * * LOW HITPOINT WARNING * * *
You feel sick. The adder barely misses you.
The rat bites you but does no damage.
You barely miss the adder.
The adder is severely wounded.
* * * LOW HITPOINT WARNING * * *
You feel sick. The adder bites you but does no damage.
The rat bites you but does no damage. The adder barely misses you.
Your horns disappear.
Your talons disappear.
You turn into a tree.
Your +0 robe melds into your body.
Your roots penetrate the ground.
* * * LOW HITPOINT WARNING * * *
You feel sick. The adder completely misses you.
The rat bites you but does no damage.
You are too injured to fight recklessly!
You smack the adder!
You kill the adder!
* * * LOW HITPOINT WARNING * * *
You feel sick. The rat bites you but does no damage.
Your Transmutations skill increases to level 3!
You smack the rat!
You kill the rat!
You die...

...............
.._.........###
..S......(.....
#..# .. #..#
...###..#
........#
#.....†.#########
#######♣..)......
###########


There were no monsters in sight!

Vanquished Creatures
  An adder (D:2)
  A ball python (D:1)
  3 bats (D:1)
  4 endoplasms (D:1)
  A giant cockroach (D:1)
  A goblin (D:1)
  3 hobgoblins
  3 frilled lizards (D:1)
  3 kobolds
  4 rats
24 creatures vanquished.

Notes
Turn   | Place    | Note
-------+----------+-------------------------------------------
     0 | D:1      | oldmanjim the Ogre Transmuter began the quest for the Orb.
     0 | D:1      | Reached XP level 1. HP: 19/19 MP: 3/3
   479 | D:1      | Reached XP level 2. HP: 20/27 MP: 3/5
  1131 | D:2      | Noticed a floating eye
  1135 | D:2      | Found a faded altar of an unknown god.
  1148 | D:2      | Reached XP level 3. HP: 24/33 MP: 7/7
  1156 | D:2      | HP: 2/49 [poisoned by an adder]
  1158 | D:2      | Succumbed to an adder's poison

Illustrated notes

Levels and vault maps discovered:
D:1:      shiori_arrival_maze, layout_basic
D:2:      layout_loops_ring, hellmonk_ecumenical_altar_watching_god

Skill      XL: |  1  2  3 |
---------------+----------+-----
Transmutations | 2 3 |  3.0
Spellcasting   | 3 |  3.0
Fighting       | |  1.3
Dodging        | |  1.7
Unarmed Combat | |  2.6

Action                   || total
-------------------------++-------
Melee: Unarmed           ||    69
       Headbutt          ||    11
       Kick              ||     8
       Punch             ||     1
 Cast: Beastly Appendage ||    21
  Use: Potion            ||     1
 Stab: Sleeping          ||     1
Armor: Robe              ||    33
       Skin              ||     2
Dodge: Dodged            ||    42
